 Dungeon Crawl Stone Soup version 0.27.1-4-g1640c2035a (webtiles) character file.

Game seed: 327972370659066624

1063 zeram the Cleaver (level 8, -2/68 HPs)
             Began as a Hill Orc Fighter on Nov 14, 2021.
             Was an Initiate of Gozag.
             Slain by Pikel (20 damage)
             ... on level 5 of the Dungeon.
             The game lasted 00:14:23 (5553 turns).

zeram the Cleaver (Hill Orc Fighter)                Turns: 5553, Time: 00:14:24

Health: -2/68      AC:  9    Str: 21    XL:     8   Next: 27%
Magic:  8/8        EV:  7    Int:  8    God:    Gozag
Gold:   129        SH: 10    Dex: 10    Spells: 7/7 levels left

rFire    . . .     SeeInvis .   a - +1 war axe
rCold    . . .     Faith    .   c - +0 kite shield
rNeg     . . .     Spirit   .   b - +0 scale mail
rPois    +         Reflect  .   (no helmet)
rElec    .         Harm     .   (no cloak)
rCorr    .         Rampage  .   (no gloves)
Will     .....                  n - +0 pair of boots
Stlth    ..........             (no amulet)
HPRegen  0.21/turn              h - ring of poison resistance
MPRegen  0.11/turn              (no ring)

@: mighty, on berserk cooldown, slowed, very slow
A: no striking features
a: Renounce Religion, Potion Petition, Call Merchant, Bribe Branch


You were on level 5 of the Dungeon.
You worshipped Gozag.
Gozag was aware of your devotion.
You visited 2 branches of the dungeon, and saw 7 of its levels.

You collected 210 gold pieces.
You paid 81 gold pieces to Gozag.

Inventory:

Hand Weapons
 a - a +1 war axe (weapon)
Missiles
 l - 21 poisoned darts (quivered)
Armour
 b - a +0 scale mail (worn)
 c - a +0 kite shield (worn)
 n - a +0 pair of boots (worn)
Jewellery
 h - a ring of poison resistance (left hand)
 m - a ring of see invisible
 o - a +4 ring of evasion
Wands
 q - a wand of mindburst (9)
 r - a wand of iceblast (14)
Scrolls
 e - a scroll of enchant weapon
 p - a scroll of amnesia
Potions
 d - 2 potions of might
 f - 2 potions of flight {unknown}
 g - a potion of berserk rage
 i - a potion of degeneration
 k - 3 potions of haste


   Skills:
 - Level 5.0 Fighting
 + Level 8.5 Axes
 + Level 6.3 Armour
 - Level 0.4 Stealth
 + Level 5.4 Shields


You had 7 spell levels left.
You didn't know any spells.
Your spell library contained the following spells:

 Spells                   Type           Power      Damage    Failure   Level
 Static Discharge         Conj/Air       0%         N/A       99%         2
 Sublimation of Blood     Necr           0%         N/A       99%         2
 Wereblood                Tmut           0%         N/A       99%         2
 Gell's Gravitas          Tloc           0%         N/A       100%        3
 Teleport Other           Tloc           0%         N/A       100%        3
 Dispel Undead            Necr           0%         3d6       100%        4
 Sticky Flame             Conj/Fire      0%         2d3       100%        4
 Dispersal                Tloc           0%         N/A       100%        6
 Summon Hydra             Summ           0%         N/A       100%        7


Dungeon Overview and Level Annotations

Branches:
Dungeon (6/15)             Temple (1/1) D:5

Altars:
Ashenzari
Cheibriados
Dithmenos
Elyvilon
Fedhas
Gozag
Hepliaklqana
Kikubaaqudgha
Makhleb
Sif Muna
Trog
Uskayaw
Vehumet
Wu Jian
Xom
Yredelemnul
Zin
The Shining One

Shops:
D:3 (

Annotations:
D:5 3 runed translucent doors, Pikel; klutch's ghost, novice MiFi; sirJeffrey23's ghost, novice DsBe


Message History

Pikel barely misses you. x2
Unknown command.
Your shield prevents you from hitting Pikel.
Pikel is heavily wounded.
You block Pikel's attack.
Pikel zaps a wand.
You resist with some effort.
Unknown command.
You hit Pikel but do no damage.
Pikel is heavily wounded.
Pikel zaps a wand.
Your will is overpowered!
You are confused.
Pikel waves his whip at you.
Pikel hits you with a +1 whip of electrocution!
You are electrocuted!
You bump into the rock wall.
Pikel hits you with a +1 whip of electrocution. x2
Unknown command.
Pikel hits you but does no damage. The lemure hits you.
Unknown command.
You feel very mighty all of a sudden.
Pikel hits you with a +1 whip of electrocution!
* * * LOW HITPOINT WARNING * * *
The lemure barely misses you.
Pikel hits you with a +1 whip of electrocution.
* * * LOW HITPOINT WARNING * * *
You feel better. The lemure hits you but does no damage.
You block Pikel's attack. The lemure hits you.
* * * LOW HITPOINT WARNING * * *
You feel better.
Pikel zaps a wand.
You resist with some effort. You block the lemure's attack.
Pikel hits you with a +1 whip of electrocution.
* * * LOW HITPOINT WARNING * * *
Okay, then.
You barely miss Pikel.
Pikel is heavily wounded.
You slash the lemure!
You kill the lemure!
That felt strangely unrewarding.
Pikel hits you but does no damage.
You are electrocuted!!
You die...
Your body crumbles into a pile of gold.

#..... #..... ###########
#.....
#.........#########....#
#......................#
#..........# #######...#
#.........# ###...#
#[K### #...### ##@..#
##.....# ###.#
#####..#...#
#.###..........#
#######.##.......#...#
..#...<...........##...#
.........#)#....#..##...#
...#.##...(..##.##.##.###
. .>....###..#.........##
######..........[.......


You could see Pikel.

Vanquished Creatures
  2 water moccasins
  2 black bears (D:5)
  4 lemures (D:5)
  2 scorpions
  A centaur zombie (D:5)
  2 bullfrog zombies (D:6)
  4 hounds
  2 orc priests
  Ijyb (D:5)
  4 orc wizards
  A hound skeleton (D:4)
  2 adders (D:3)
  3 gnolls (D:3)
  An adder skeleton (D:5)
  2 worms
  4 dart slugs
  12 orcs
  5 ball pythons
  5 bats
  9 endoplasms
  4 giant cockroaches
  7 goblins
  6 hobgoblins
  6 frilled lizards
  5 kobolds
  4 rats
  A spectral hobgoblin (D:2)
101 creatures vanquished.

Vanquished Creatures (others)
  5 withered plants (D:5)
5 creatures vanquished.

Grand Total: 106 creatures vanquished

Notes
Turn   | Place    | Note
-------+----------+-------------------------------------------
     0 | D:1      | zeram the Hill Orc Fighter began the quest for the Orb.
     0 | D:1      | Reached XP level 1. HP: 19/19 MP: 1/1
   234 | D:1      | Reached XP level 2. HP: 27/27 MP: 2/2
   452 | D:1      | Reached skill level 3 in Axes
   796 | D:1      | Reached XP level 3. HP: 33/33 MP: 3/3
  1637 | D:2      | Found a faded altar of an unknown god.
  1877 | D:3      | Noticed a water moccasin
  1888 | D:3      | Killed a water moccasin
  1889 | D:3      | Reached skill level 4 in Axes
  1889 | D:3      | Reached XP level 4. HP: 9/40 MP: 4/4
  1889 | D:3      | Reached XP level 5. HP: 10/46 MP: 5/5
  2193 | D:3      | You fall into a shaft and drop 3 floors!
  2219 | D:6      | Reached skill level 5 in Axes
  2350 | D:6      | Reached skill level 5 in Armour
  2350 | D:6      | Reached XP level 6. HP: 35/53 MP: 6/6
  2804 | D:5      | Entered Level 5 of the Dungeon
  2817 | D:5      | Reached skill level 6 in Axes
  3008 | D:5      | Noticed a black bear
  3017 | D:5      | Killed a black bear
  3018 | D:5      | Reached XP level 7. HP: 51/60 MP: 7/7
  3218 | D:3      | Found Fimall's Weapon Boutique.
  3570 | D:3      | Reached skill level 7 in Axes
  3575 | D:3      | Reached skill level 5 in Fighting
  4834 | D:5      | Reached skill level 5 in Shields
  4896 | D:5      | Found a staircase to the Ecumenical Temple.
  4911 | D:5      | Noticed Ijyb
  4919 | D:5      | Killed Ijyb
  4975 | D:5      | Reached XP level 8. HP: 68/68 MP: 8/8
  4977 | Temple   | Entered the Ecumenical Temple
  5087 | Temple   | Became a worshipper of Gozag Ym Sagoz the Greedy
  5209 | D:5      | Reached skill level 8 in Axes
  5358 | D:5      | Found a runed translucent gate.
  5358 | D:5      | Found a runed translucent gate.
  5358 | D:5      | Found a runed translucent gate.
  5359 | D:5      | Noticed klutch's ghost (novice MiFi)
  5360 | D:5      | Noticed sirJeffrey23's ghost (novice DsBe)
  5524 | D:5      | Noticed Pikel
  5553 | D:5      | Slain by Pikel

Illustrated notes

Levels and vault maps discovered:
D:1:      dpeg_arrival_water_fire, layout_basic, serial_park_tiny_pond
D:2:      layout_loops_ring, dreamdust_ecumenical_altar_drowned_temple,
          chequers_jeans
D:3:      layout_basic, serial_glass, glass_columns_a, glass_columns_b,
          glass_columns_c, glass_columns_c, glass_columns_b, glass_columns_a,
          glass_columns_a, glass_columns_a, serial_shops, nicolae_square_shop,
          minmay_pentomino_pile
D:4:      layout_basic, kennysheep_generic_room_7
D:5:      layout_rooms, minmay_temple_entry_large_hall, serial_curves,
          eino_curves_01, eino_curves_02, gammafunk_ghost_cemetery, uniq_pikel,
          uniq_ijyb
D:6:      layout_gridville
Temple:   compressed_dpeg_circular_temple

Skill      XL: |  1  2  3  4  5  6  7  8 |
---------------+-------------------------+-----
Fighting       | 4 5 |  5.0
Axes           | 3 4 5 6 7 8 |  8.5
Armour         | 4 5 6 |  6.3
Shields        | 4 5 |  5.4
Stealth        | |  0.4

Action                   |  1- 3 |  4- 6 |  7- 9 || total
-------------------------+-------+-------+-------++-------
Melee: War axe           |   126 |    46 |   198 ||   370
  Use: Scroll            |     3 |     1 |     3 ||     7
       Potion            |       |       |     4 ||     4
Armor: Scale mail        |    52 |    26 |    93 ||   171
Dodge: Dodged            |    49 |    11 |    54 ||   114
Block: Kite shield       |    69 |    22 |   106 ||   197
